TOP OF THE 1ST |
Kelowna Heat batting - Pitching for Roswell Invaders : RHP Jordan Rondon
|
Pitching: RHP Jordan Rondon
|
|
Batting: RHB Miguel Gonzalez
|
0-0: Foul Ball, location: 2F 0-1: Swinging Strike 0-2: Ball 1-2: Foul Ball, location: 2F 1-2: Foul Ball, location: 2F 1-2: Ball 2-2: Ball 3-2: Base on Balls
|
Batting: RHB Coen Dirks
|
0-0: SINGLE (Line Drive, 89M, EV 93.1 MPH) Miguel Gonzalez to second Throwing error, E8 Miguel Gonzalez scores Coen Dirks to second
|
Batting: RHB Frank Pena
|
0-0: Called Strike 0-1: Called Strike 0-2: Fly out, F4 (Popup, 13, EV 72.5 MPH)
|
Batting: RHB Troy Trice
|
0-0: Called Strike 0-1: Hit by Pitch
|
Batting: LHB Mike Roberts
|
0-0: Ball 1-0: SINGLE (Flyball, 89S, EV 92.5 MPH) Coen Dirks to third Troy Trice to second
|
Batting: LHB Chris West
|
0-0: SINGLE (Flyball, 34D, EV 91.9 MPH) Coen Dirks scores Troy Trice to third Mike Roberts to second
|
Batting: LHB Steve Nevis
|
0-0: Ball 1-0: Foul Ball, location: 2F 1-1: Swinging Strike 1-2: Strikes out swinging
|
Batting: RHB Josh Truell
|
0-0: Ball 1-0: Called Strike 1-1: Fielders Choice at 2nd, 5-4 (Groundball, 56, EV 88.1 MPH)
|
Top of the 1st over - 2 runs, 3 hits, 1 error, 3 left on base; Kelowna 2 - Roswell 0 |
BOTTOM OF THE 1ST |
Roswell Invaders batting - Pitching for Kelowna Heat : RHP Dan Giles
|
Pitching: RHP Dan Giles
|
|
Batting: RHB D.J. Cooke
|
0-0: Ball 1-0: Ground out 5-3 (Groundball, 56, EV 102.5 MPH)
|
Batting: RHB Orlando Florez
|
0-0: Ball 1-0: Foul Ball, location: 2F 1-1: Ball 2-1: Foul Ball, location: 2F 2-2: SINGLE (Line Drive, 7S, EV 88.1 MPH)
|
Batting: LHB Dallas Kelly
|
0-0: Ball 1-0: Called Strike 1-1: Ball 2-1: Ball 3-1: Called Strike 3-2: SINGLE (Groundball, 56D, EV 107.5 MPH) Orlando Florez to second
|
Batting: RHB Mike Swift
|
0-0: Ball 1-0: Foul Ball, location: 2F 1-1: TRIPLE (Flyball, 9LD, EV 96.2 MPH) Orlando Florez scores Dallas Kelly scores
|
Batting: RHB Josh Burrows
|
0-0: Called Strike 0-1: Fly out, F7 (Flyball, 7LM, EV 89.4 MPH) Runner from 3rd tags up, SCORES, no throw by LF
|
Batting: LHB Josh Thomas
|
0-0: Swinging Strike 0-1: Ball 1-1: Swinging Strike 1-2: Ball 2-2: Fly out, F5 (Popup, 56S, EV 90.0 MPH)
|
Bottom of the 1st over - 3 runs, 3 hits, 0 errors, 0 left on base; Kelowna 2 - Roswell 3 |
TOP OF THE 2ND |
Kelowna Heat batting - Pitching for Roswell Invaders : RHP Jordan Rondon
|
Batting: LHB Mason Duffy
|
0-0: Ball 1-0: Ball 2-0: Ball 3-0: Base on Balls
|
Batting: RHB Miguel Gonzalez
|
0-0: Called Strike 0-1: Swinging Strike 0-2: Ball 1-2: Foul Ball, location: 2F 1-2: Strikes out looking
|
Batting: RHB Coen Dirks
|
0-0: Foul Ball, location: 2F 0-1: Ball 1-1: Foul Ball, location: 2F 1-2: Ball 2-2: SINGLE (Line Drive, 89S, EV 103.8 MPH) Mason Duffy to second Runner from 2nd tries for 3rd, SAFE, throw by RF made to third
|
Batting: RHB Frank Pena
|
0-0: Ball 1-0: Ball 2-0: Ball 3-0: Base on Balls Coen Dirks to second
|
Batting: RHB Troy Trice
|
0-0: Swinging Strike 0-1: Fielders Choice at 2nd, 6-4 (Groundball, 56, EV 84.4 MPH) Mason Duffy scores Coen Dirks to third
|
Batting: LHB Mike Roberts
|
0-0: Ball 1-0: SINGLE (Line Drive, 6D, EV 94.4 MPH) Coen Dirks scores Troy Trice to second
|
Batting: LHB Chris West
|
0-0: Called Strike 0-1: Foul Ball, location: 2F 0-2: Ball 1-2: Foul Ball, location: 2F 1-2: Ball 2-2: Strikes out swinging
|
Top of the 2nd over - 2 runs, 2 hits, 0 errors, 2 left on base; Kelowna 4 - Roswell 3 |
BOTTOM OF THE 2ND |
Roswell Invaders batting - Pitching for Kelowna Heat : RHP Dan Giles
|
Batting: RHB Edwin Romero
|
0-0: Ball 1-0: Ground out 5-3 (Groundball, 5, EV 102.5 MPH)
|
Batting: SHB Ethan Newby
|
0-0: Called Strike 0-1: Ball SINGLE, rundown, out at 1st!
|
Batting: LHB Falco van Koeveringe
|
0-0: Called Strike 0-1: Ball 1-1: Ball 2-1: Foul Ball, location: 2F 2-2: Strikes out swinging
|
Bottom of the 2nd over - 0 runs, 1 hit, 0 errors, 0 left on base; Kelowna 4 - Roswell 3 |
TOP OF THE 3RD |
Kelowna Heat batting - Pitching for Roswell Invaders : RHP Jordan Rondon
|
Batting: LHB Steve Nevis
|
0-0: Called Strike 0-1: Ball 1-1: Ground out 4-3 (Groundball, 34, EV 88.8 MPH)
|
Batting: RHB Josh Truell
|
0-0: Ball 1-0: Foul Ball, location: 2F 1-1: Ball 2-1: Foul Ball, location: 2F 2-2: Ball 3-2: Foul Ball, location: 2F 3-2: Foul Ball, location: 2F 3-2: Foul Ball, location: 2F 3-2: Foul Ball, location: 2F 3-2: Base on Balls
|
Batting: LHB Mason Duffy
|
0-0: SINGLE (Groundball, 6M, EV 96.2 MPH) (infield hit) Josh Truell to second
|
Batting: RHB Miguel Gonzalez
|
0-0: SINGLE (Line Drive, 89M, EV 94.4 MPH) Josh Truell to third Mason Duffy to second
|
Batting: RHB Coen Dirks
|
0-0: Ball 1-0: Ball 2-0: Called Strike 2-1: Ball 3-1: Called Strike 3-2: Reached on error, E2 (Groundball, 2R, EV 65.6 MPH) Josh Truell scores Mason Duffy to third Miguel Gonzalez to second
|
Batting: RHB Frank Pena
|
0-0: Ball 1-0: Ball 2-0: Foul Ball, location: 2F 2-1: Ball 3-1: Called Strike 3-2: Fielders Choice at 2nd, 6-4 (Groundball, 6, EV 103.1 MPH) Mason Duffy scores Miguel Gonzalez to third
|
Batting: RHB Troy Trice
|
0-0: Ball 1-0: Ball 2-0: Fielders Choice at 2nd, 5-4 (Groundball, 56, EV 98.8 MPH)
|
Top of the 3rd over - 2 runs, 2 hits, 1 error, 2 left on base; Kelowna 6 - Roswell 3 |
BOTTOM OF THE 3RD |
Roswell Invaders batting - Pitching for Kelowna Heat : RHP Dan Giles
|
Batting: RHB D.J. Cooke
|
0-0: Called Strike 0-1: Ball 1-1: SOLO HOME RUN (Flyball, 7LD, EV 96.2 MPH), Distance : 340 ft
|
Batting: RHB Orlando Florez
|
0-0: Called Strike 0-1: Fly out, F4 (Popup, 4MD, EV 45.0 MPH)
|
Batting: LHB Dallas Kelly
|
0-0: SINGLE (Flyball, 3D, EV 96.2 MPH)
|
Batting: RHB Mike Swift
|
0-0: Ball Wild Pitch! Dallas Kelly to second 1-0: Ball 2-0: Ball 3-0: Called Strike 3-1: Foul Ball, location: 2F 3-2: Base on Balls
|
Batting: RHB Josh Burrows
|
0-0: Called Strike 0-1: Fly out, F5 (Flyball, 5D, EV 76.2 MPH)
|
Batting: LHB Josh Thomas
|
0-0: Foul Ball, location: 2F 0-1: Ball 1-1: Ball 2-1: Ball 3-1: Foul Ball, location: 2F 3-2: Base on Balls Dallas Kelly to third Mike Swift to second
|
Batting: RHB Edwin Romero
|
0-0: Ball 1-0: Fly out, F6 (Popup, 56, EV 63.8 MPH)
|
Bottom of the 3rd over - 1 run, 2 hits, 0 errors, 3 left on base; Kelowna 6 - Roswell 4 |
TOP OF THE 4TH |
Kelowna Heat batting - Pitching for Roswell Invaders : RHP Jordan Rondon
|
Batting: LHB Mike Roberts
|
0-0: Ball 1-0: Ball 2-0: Called Strike 2-1: Ball 3-1: Fly out, F6 (Flyball, 6D, EV 86.2 MPH)
|
Batting: LHB Chris West
|
0-0: Ball 1-0: Ground out 4-3 (Groundball, 4, EV 110.6 MPH)
|
Batting: LHB Steve Nevis
|
0-0: Called Strike 0-1: Foul Ball, location: 2F 0-2: Ball 1-2: Fly out, F4 (Line Drive, 4, EV 63.1 MPH)
|
Top of the 4th over - 0 runs, 0 hits, 0 errors, 0 left on base; Kelowna 6 - Roswell 4 |
BOTTOM OF THE 4TH |
Roswell Invaders batting - Pitching for Kelowna Heat : RHP Dan Giles
|
Batting: SHB Ethan Newby
|
0-0: Ball 1-0: Called Strike 1-1: Ground out U3 (Groundball, 13, EV 92.5 MPH)
|
Batting: LHB Falco van Koeveringe
|
0-0: Ball 1-0: Fly out, F7 (Flyball, 7LS, EV 82.5 MPH)
|
Batting: RHB D.J. Cooke
|
0-0: Ball 1-0: Swinging Strike 1-1: Fly out, F6 (Flyball, 56D, EV 77.5 MPH)
|
Bottom of the 4th over - 0 runs, 0 hits, 0 errors, 0 left on base; Kelowna 6 - Roswell 4 |
TOP OF THE 5TH |
Kelowna Heat batting - Pitching for Roswell Invaders : RHP Jordan Rondon
|
Batting: RHB Josh Truell
|
0-0: Ball 1-0: Foul Ball, location: 2F 1-1: Ball 2-1: Foul Ball, location: 2F 2-2: Ball 3-2: Base on Balls
|
Batting: LHB Mason Duffy
|
0-0: Ball 1-0: Called Strike 1-1: SINGLE (Flyball, 34D, EV 86.9 MPH) Josh Truell to second
|
Pitching: RHP John Meyer
|
|
Batting: RHB Miguel Gonzalez
|
0-0: Called Strike 0-1: Swinging Strike 0-2: Strikes out swinging
|
Batting: RHB Coen Dirks
|
0-0: Called Strike 0-1: Foul Ball, location: 2F 0-2: SINGLE (Line Drive, 8LM, EV 93.8 MPH) Josh Truell to third Mason Duffy to second
|
Batting: RHB Frank Pena
|
0-0: DOUBLE (Flyball, 8RXD, EV 93.1 MPH) Josh Truell scores Mason Duffy scores Coen Dirks to third
|
Batting: RHB Troy Trice
|
0-0: Called Strike 0-1: Swinging Strike 0-2: Fly out, F8 (Flyball, 8LXD, EV 81.9 MPH) Runner from 3rd tags up, SCORES, no throw by CF Frank Pena to third
|
Batting: LHB Mike Roberts
|
0-0: Foul Ball, location: 2F 0-1: Ball 1-1: Fly out, F2 (Popup, 23F, EV 79.4 MPH)
|
Top of the 5th over - 3 runs, 3 hits, 0 errors, 1 left on base; Kelowna 9 - Roswell 4 |
BOTTOM OF THE 5TH |
Roswell Invaders batting - Pitching for Kelowna Heat : RHP Dan Giles
|
Batting: RHB Orlando Florez
|
0-0: Called Strike 0-1: SINGLE (Flyball, 3D, EV 83.8 MPH)
|
Batting: LHB Dallas Kelly
|
0-0: Swinging Strike 0-1: Called Strike 0-2: Foul Ball, location: 2F 0-2: Foul Ball, location: 2F 0-2: Fielders Choice at 2nd, 1-6 (Groundball, 34S, EV 71.2 MPH)
|
Batting: RHB Mike Swift
|
0-0: Called Strike 0-1: Ball 1-1: Foul Ball, location: 2F 1-2: Ball 2-2: Ball 3-2: Grounds into double play, 6-4-3 (Groundball, 6, EV 110.0 MPH)
|
Bottom of the 5th over - 0 runs, 1 hit, 0 errors, 0 left on base; Kelowna 9 - Roswell 4 |
TOP OF THE 6TH |
Kelowna Heat batting - Pitching for Roswell Invaders : RHP John Meyer
|
Batting: LHB Chris West
|
0-0: Ball 1-0: Ball 2-0: Foul Ball, location: 2F 2-1: Swinging Strike 2-2: Ball 3-2: SINGLE (Groundball, 34D, EV 96.9 MPH)
|
Batting: LHB Steve Nevis
|
0-0: Called Strike 0-1: Swinging Strike 0-2: Fly out, F8 (Line Drive, 8RD, EV 100.0 MPH)
|
Batting: RHB Josh Truell
|
0-0: Called Strike 0-1: Fielders Choice at 2nd, 6-4 (Groundball, 6, EV 88.1 MPH)
|
Batting: LHB Mason Duffy
|
0-0: Ball 1-0: Swinging Strike 1-1: Ball 2-1: Foul Ball, location: 2F 2-2: Strikes out swinging
|
Top of the 6th over - 0 runs, 1 hit, 0 errors, 1 left on base; Kelowna 9 - Roswell 4 |
BOTTOM OF THE 6TH |
Roswell Invaders batting - Pitching for Kelowna Heat : RHP Dan Giles
|
Batting: RHB Josh Burrows
|
0-0: Ball 1-0: Foul Ball, location: 2F 1-1: Foul Ball, location: 2F 1-2: SOLO HOME RUN (Flyball, 7LD, EV 92.5 MPH), Distance : 337 ft
|
Pitching: RHP Jonathan Simi
|
|
Batting: LHB Josh Thomas
|
0-0: Called Strike 0-1: Ball 1-1: Called Strike 1-2: Ball 2-2: Strikes out swinging
|
Batting: RHB Edwin Romero
|
0-0: Ball 1-0: SINGLE (Flyball, 9LS, EV 93.8 MPH)
|
Batting: SHB Ethan Newby
|
0-0: Ball 1-0: Ball 2-0: Ball Edwin Romero steals 2nd base 3-0: Called Strike 3-1: Ground out U3 (Groundball, 13, EV 90.0 MPH) Edwin Romero to third
|
Batting: LHB Falco van Koeveringe
|
0-0: Ball 1-0: Fly out, F9 (Flyball, 9, EV 91.9 MPH)
|
Bottom of the 6th over - 1 run, 2 hits, 0 errors, 1 left on base; Kelowna 9 - Roswell 5 |
TOP OF THE 7TH |
Kelowna Heat batting - Pitching for Roswell Invaders : RHP John Meyer
|
Pitching: RHP Sam Lewis
|
|
Batting: RHB Miguel Gonzalez
|
0-0: Ball 1-0: Called Strike 1-1: Ball 2-1: Ball 3-1: Base on Balls
|
Batting: RHB Coen Dirks
|
0-0: Bunted foul 0-1: Bunted foul 0-2: Fly out, F9 (Flyball, 9D, EV 97.5 MPH)
|
Batting: RHB Frank Pena
|
0-0: Ball 1-0: Called Strike 1-1: Ball 2-1: Ball 3-1: SINGLE (Groundball, 6MD, EV 97.5 MPH) Miguel Gonzalez to second
|
Batting: RHB Troy Trice
|
0-0: Ball 1-0: Called Strike 1-1: Swinging Strike 1-2: Ball 2-2: SINGLE (Groundball, 4D, EV 95.0 MPH) Miguel Gonzalez to third Frank Pena to second Runner from 3rd tries for Home, SAFE, throw by RF to home
|
Batting: LHB Mike Roberts
|
0-0: Ball 1-0: Ball 2-0: Ball 3-0: Called Strike 3-1: Foul Ball, location: 2F 3-2: Foul Ball, location: 2F 3-2: Foul Ball, location: 2F 3-2: Base on Balls Frank Pena to third Troy Trice to second
|
Batting: LHB Chris West
|
0-0: SINGLE (Groundball, 4, EV 94.4 MPH) Frank Pena scores Troy Trice to third Mike Roberts to second Runner from 3rd tries for Home, SAFE, throw by CF to home
|
Batting: LHB Steve Nevis
|
0-0: Ball 1-0: Ball 2-0: Called Strike 2-1: DOUBLE (Line Drive, 8RXD, EV 106.2 MPH) Mike Roberts scores Chris West to third Runner from 3rd tries for Home, SAFE, throw by CF to home
|
Pitching: RHP Javier Rosales
|
|
Batting: RHB Josh Truell
|
0-0: Called Strike 0-1: Ball 1-1: Called Strike 1-2: Strikes out looking
|
Batting: LHB Mason Duffy
|
0-0: Called Strike 0-1: SINGLE (Line Drive, 7S, EV 92.5 MPH) Steve Nevis to third Runner from 3rd tries for Home, SAFE, throw by LF to home
|
Pinch Hitting: RHB Harry Dickson
|
0-0: Ball 1-0: Ball 2-0: Fielders Choice at 2nd, U6 (Groundball, 6M, EV 106.9 MPH)
|
Top of the 7th over - 6 runs, 5 hits, 0 errors, 1 left on base; Kelowna 15 - Roswell 5 |
BOTTOM OF THE 7TH |
Roswell Invaders batting - Pitching for Kelowna Heat : RHP Jonathan Simi
|
Now at 3B: Harry Dickson
|
|
Batting: RHB D.J. Cooke
|
0-0: Ball 1-0: Called Strike 1-1: Foul Ball, location: 2F 1-2: Ball 2-2: Foul Ball, location: 2F 2-2: Foul Ball, location: 2F 2-2: Fly out, F2 (Popup, 5SF, EV 79.4 MPH)
|
Batting: RHB Orlando Florez
|
0-0: Ball 1-0: Foul Ball, location: 2F 1-1: Foul Ball, location: 2F 1-2: Ball 2-2: Strikes out swinging
|
Batting: LHB Dallas Kelly
|
0-0: Ball 1-0: Swinging Strike 1-1: Fly out, F7 (Line Drive, 7D, EV 98.1 MPH)
|
Bottom of the 7th over - 0 runs, 0 hits, 0 errors, 0 left on base; Kelowna 15 - Roswell 5 |
TOP OF THE 8TH |
Kelowna Heat batting - Pitching for Roswell Invaders : RHP Javier Rosales
|
Batting: RHB Coen Dirks
|
0-0: Foul Ball, location: 2F 0-1: Ball 1-1: Foul Ball, location: 2F 1-2: Strikes out looking
|
Batting: RHB Frank Pena
|
0-0: Ball 1-0: Ball 2-0: Called Strike 2-1: SINGLE (Flyball, 34D, EV 90.0 MPH) - OUT at second base trying to stretch hit.
|
Batting: RHB Troy Trice
|
0-0: Ball 1-0: Ball 2-0: Ball 3-0: Base on Balls
|
Batting: LHB Mike Roberts
|
0-0: Ball 1-0: Ball 2-0: Fly out, F8 (Flyball, 8RD, EV 102.5 MPH)
|
Top of the 8th over - 0 runs, 1 hit, 0 errors, 1 left on base; Kelowna 15 - Roswell 5 |
BOTTOM OF THE 8TH |
Roswell Invaders batting - Pitching for Kelowna Heat : RHP Jonathan Simi
|
Batting: RHB Mike Swift
|
0-0: Ball 1-0: Called Strike 1-1: Called Strike 1-2: Strikes out swinging
|
Batting: RHB Josh Burrows
|
0-0: Foul Ball, location: 2F 0-1: Ball 1-1: Ball 2-1: Swinging Strike 2-2: Ball 3-2: Foul Ball, location: 2F 3-2: Strikes out swinging
|
Batting: LHB Josh Thomas
|
0-0: Called Strike 0-1: Foul Ball, location: 2F 0-2: Ground out 4-3 (Groundball, 4, EV 84.4 MPH)
|
Bottom of the 8th over - 0 runs, 0 hits, 0 errors, 0 left on base; Kelowna 15 - Roswell 5 |
TOP OF THE 9TH |
Kelowna Heat batting - Pitching for Roswell Invaders : RHP Javier Rosales
|
Pinch Hitting: LHB Takaaki Nishimoto
|
0-0: Foul Ball, location: 2F 0-1: Fly out, F5 (Popup, 5, EV 71.2 MPH)
|
Batting: LHB Steve Nevis
|
0-0: Called Strike 0-1: Ball 1-1: Ground out 5-3 (Groundball, 56, EV 83.8 MPH)
|
Batting: RHB Josh Truell
|
0-0: Ball 1-0: Ball 2-0: Ball 3-0: Foul Ball, location: 2F 3-1: Base on Balls
|
Batting: LHB Mason Duffy
|
0-0: Ball 1-0: SINGLE (Line Drive, 4M, EV 95.0 MPH) Josh Truell to second
|
Batting: RHB Harry Dickson
|
0-0: Ball 1-0: Swinging Strike Passed Ball! Josh Truell to third Mason Duffy to second 1-1: DOUBLE (Line Drive, 7LM, EV 100.6 MPH) Josh Truell scores Mason Duffy scores
|
Batting: RHB Coen Dirks
|
0-0: SINGLE (Line Drive, 78S, EV 95.6 MPH) Harry Dickson to third
|
Batting: RHB Frank Pena
|
0-0: Ball 1-0: Called Strike 1-1: SINGLE (Line Drive, 4D, EV 99.4 MPH) Harry Dickson scores Coen Dirks to second
|
Pitching: RHP Jose Rodas
|
|
Batting: RHB Troy Trice
|
0-0: Fielders Choice at 2nd, 6-4 (Groundball, 6, EV 81.9 MPH)
|
Top of the 9th over - 3 runs, 4 hits, 0 errors, 2 left on base; Kelowna 18 - Roswell 5 |
BOTTOM OF THE 9TH |
Roswell Invaders batting - Pitching for Kelowna Heat : RHP Jonathan Simi
|
Pitching: LHP Christian Rogers
|
|
Now at 1B: Takaaki Nishimoto
|
|
Batting: RHB Edwin Romero
|
0-0: Ball 1-0: Ball 2-0: Ground out 6-3 (Groundball, 6, EV 98.1 MPH)
|
Batting: SHB Ethan Newby
|
0-0: Called Strike 0-1: Swinging Strike 0-2: Ball 1-2: Ball 2-2: Ball 3-2: Foul Ball, location: 2F 3-2: Strikes out looking
|
Batting: LHB Falco van Koeveringe
|
0-0: Ball 1-0: Ball 2-0: Ball 3-0: Called Strike 3-1: Base on Balls
|
Batting: RHB D.J. Cooke
|
0-0: Foul Ball, location: 2F 0-1: Foul Ball, location: 2F 0-2: Foul Ball, location: 2F 0-2: Ball 1-2: Strikes out swinging
|
Bottom of the 9th over - 0 runs, 0 hits, 0 errors, 1 left on base; Kelowna 18 - Roswell 5 |
|